 Dungeon Crawl Stone Soup version 0.29-a0-555-g3b24f45cc1 (webtiles) character file.

Game seed: 8557028108415969813

97 zishaf the Firebug (level 4, -5/36 HPs)
             Began as a Demigod Wanderer on June 7, 2022.
             Killed by divine providence
             ... invoked by an orc priest
              (16 damage)
             ... on level 3 of the Dungeon.
             The game lasted 00:04:22 (2937 turns).

zishaf the Firebug (Demigod Wanderer)               Turns: 2937, Time: 00:04:23

Health: -5/36      AC:  3    Str: 11    XL:     4   Next: 19%
Magic:  0/9        EV: 10    Int: 18    God:
Gold:   193        SH:  4    Dex: 15    Spells: 3/7 levels left

rFire   . . .      SeeInvis .   a - +2 whip (elec)
rCold   . . .      Faith    .   b - +0 buckler
rNeg    . . .      Spirit   .   d - +0 robe
rPois   .          Reflect  .   (no helmet)
rElec   .          Harm     .   k - +0 cloak
rCorr   .          Rampage  .   (no gloves)
Will    .....                   (no boots)
Stlth   +.........              (no amulet)
HPRegen 0.12/turn               h - ring of wizardry
MPRegen 0.11/turn               (no ring)

@: no status effects
A: high MP 1, forlorn, divine attributes
a: no special abilities


You were on level 3 of the Dungeon.
You visited 1 branch of the dungeon, and saw 3 of its levels.

You collected 193 gold pieces.

Inventory:

Hand Weapons
 a - a +2 whip of electrocution (weapon)
Armour
 b - a +0 buckler (worn)
 d - a +0 robe (worn)
 k - a +0 cloak (worn)
Jewellery
 h - a ring of wizardry (left hand)
Scrolls
 c - 3 scrolls of silence
 i - a scroll of identify {unknown}
 j - a scroll of amnesia {unknown}
Potions
 e - a potion of lignification {unknown}
 f - a potion of berserk rage
 g - 2 potions of curing {unknown}
 l - a potion of attraction {unknown}
 m - a potion of magic {unknown}


   Skills:
 + Level 2.0 Fighting
 - Level 1.0 Short Blades
 + Level 1.1 Maces & Flails
 - Level 1.0 Throwing
 + Level 2.1 Shields
 - Level 2.0 Spellcasting
 + Level 0.5 Conjurations
 + Level 4.1 Fire Magic


You had 3 spell levels left.
You knew the following spells:

 Your Spells              Type           Power      Damage    Failure   Level
a - Conjure Flame         Conj/Fire      10%        6-21      12%         3
c - Foxfire               Conj/Fire      40%        2x1d6     4%          1

Your spell library contained the following spells:

 Spells                   Type           Power      Damage    Failure   Level
 Inner Flame              Hex/Fire       9%         N/A       12%         3
 Dazzling Flash           Conj/Hex       4%         N/A       26%         3
 Ozocubu's Armour         Ice            1%         N/A       26%         3
 Agony                    Necr           1%         N/A       92%         5
 Silence                  Hex/Air        0%         N/A       92%         5
 Ozocubu's Refrigeration  Ice            0%         4d5       100%        7


Dungeon Overview and Level Annotations

Branches:
Dungeon (3/15)

Shops:
D:1 (


Innate Abilities, Weirdness & Mutations

You have an increased reservoir of magic. (+10% MP)
You shall have no god before yourself.
Your divine heritage dramatically boosts your attributes as you level up.


Message History

The orc priest begins to cast a cantrip, but forgets the words!
The foxfire hits the orc priest.
The orc priest is lightly wounded.
Casting: Foxfire (safe; 4% risk of failure)
Confirm with . or Enter, or press ? or * to list all spells.
You conjure some foxfire!
The foxfire hits the orc.
The orc is moderately wounded.
The orc priest begins to cast a cantrip, but forgets the words!
The foxfire hits the orc.
You kill the orc!
Casting: Foxfire (safe; 4% risk of failure)
Confirm with . or Enter, or press ? or * to list all spells.
You conjure some foxfire!
The foxfire hits the orc priest.
The orc priest is moderately wounded.
The orc priest mumbles some strange prayers to Beogh against you.
Beogh smites you!
The foxfire hits the orc priest.
The orc priest is heavily wounded.
You see here a ball python corpse.
Casting: Foxfire (safe; 4% risk of failure)
Confirm with . or Enter, or press ? or * to list all spells.
You conjure some foxfire!
An orc comes into view. It is wielding a +0 whip.
Your foxfire dissipates!
The foxfire hits the orc priest.
The orc priest is severely wounded.
Casting: Foxfire (safe; 4% risk of failure)
Confirm with . or Enter, or press ? or * to list all spells.
You conjure some foxfire!
The foxfire hits the orc priest.
The orc priest is severely wounded.
The foxfire hits the orc priest but does no damage.
The orc priest is severely wounded.
The orc priest mumbles some strange prayers to Beogh against you.
Pain shoots through your body!
The orc throws a stone.
You block the stone.
The orc priest invokes the aid of Beogh against you.
Beogh smites you!
You die...

#....
##########''###################
≈≈≈≈≈≈≈≈.)...≈≈≈≈≈≈≈≈≈≈≈≈≈≈≈≈≈≈
≈≈≈≈≈≈≈≈≈....)≈≈≈≈≈≈≈≈≈≈≈≈≈≈≈≈≈
≈≈≈≈≈≈≈≈......≈≈≈≈≈≈≈≈≈≈≈≈≈≈≈≈≈
.≈≈≈≈≈≈≈≈...)..≈≈..≈≈.≈≈≈≈.≈≈..
..........o....................
.........o.............).......
....)?....####.#@..#.#.....#..#
.#..#####.......<....#.......#
[.. ######.#.#####..###### ..
....#.......# . ####...#####.#
#.#.# #.# #.#.# #.######### .
#.#.# #.......... ..# #.#.#
###########


You could see an orc priest and an orc.

Vanquished Creatures
  4 adders (D:2)
  A worm (D:2)
  A dart slug (D:2)
  An orc (D:3)
  2 ball pythons
  4 endoplasms (D:1)
  3 giant cockroaches (D:1)
  5 goblins
  4 hobgoblins
  8 jackals (D:1)
  4 kobolds
  2 quokkas
  5 bats
  3 frilled lizards
  6 rats
53 creatures vanquished.

Vanquished Creatures (others)
  91 foxfires
91 creatures vanquished.

Grand Total: 144 creatures vanquished

Notes
Turn   | Place    | Note
-------+----------+-------------------------------------------
     0 | D:1      | zishaf the Demigod Wanderer began the quest for the Orb.
     0 | D:1      | zishaf set off with the following items: a +0 short sword,
                  | a +0 buckler, a scroll of silence, a +0 robe; and the
                  | following spell memorised: Foxfire; and the following
                  | spells available to memorise: Conjure Flame, Inner Flame
     0 | D:1      | Reached XP level 1. HP: 16/16 MP: 5/5
   235 | D:1      | Found Rughem's Weapon Emporium.
   605 | D:1      | Reached XP level 2. HP: 23/23 MP: 7/7
  1701 | D:1      | Reached XP level 3. HP: 28/28 MP: 8/8
  2071 | D:1      | Reached skill level 4 in Fire Magic
  2504 | D:2      | Learned a level 3 spell: Conjure Flame
  2620 | D:2      | Reached skill level 1 in Maces & Flails
  2675 | D:2      | Reached XP level 4. HP: 36/36 MP: 6/9
  2937 | D:3      | Killed from afar by an orc priest

Illustrated notes

Levels and vault maps discovered:
D:1:      amcnicky_arrival_wind_blow, layout_basic, basic_ecumenical_altar,
          serial_shops, shop
D:2:      layout_basic
D:3:      minmay_goblin_kobold_castle, layout_loops_ring, serial_shops,
          nicolae_shop_waterfront, chequers_serial_rivers_micro_a

Skill      XL: |  1  2  3 |
---------------+----------+-----
Spellcasting   | 2 |  2.0
Fire Magic     | 4 |  4.1
Fighting       | 2 |  2.0
Maces & Flails | 1 |  1.1
Shields        | 2 |  2.1
Short Blades   | |  1.0
Throwing       | |  1.0
Conjurations   | |  0.5

Action                   |  1- 3 |  4- 6 || total
-------------------------+-------+-------++-------
Melee: Short sword       |    63 |       ||    63
       Whip              |    34 |    11 ||    45
 Cast: Foxfire           |    41 |    14 ||    55
  Use: Potion            |     1 |       ||     1
 Stab: Sleeping          |     4 |       ||     4
Armor: Robe              |    22 |     4 ||    26
Dodge: Dodged            |    63 |    12 ||    75
Block: Buckler           |    22 |     5 ||    27

Table legend: (Time is in decaauts)
 A = Elapsed time spent in this place.
 B = Non-inter-level travel time spent in this place.
 C = Inter-level travel time spent in this place.
 D = Time resting spent in this place.
 E = Time spent auto-exploring this place.
 F = Levels seen in this place.
 G = Mean time per level.
                   A        B        C        D        E       F      G
               +--------+--------+--------+--------+--------+-----+--------+
         Total |   2954 |   2879 |     75 |    382 |   2062 |   3 |  984.7 |
       Dungeon |   2954 |   2879 |     75 |    382 |   2062 |   3 |  984.7 |
               +--------+--------+--------+--------+--------+-----+--------+

Top non-repeatable levels by time:
     D:1: 2173 daAuts
     D:2: 611 daAuts
     D:3: 169 daAuts
